 Dungeon Crawl Stone Soup version 0.28-a0-991-g956f0ee3d5 (webtiles) character file.

Game seed: 12316563518919199391

10201 1994 the Merchant of Misery (level 11, 0/69 HPs)
             Began as a Tengu Necromancer on Dec 5, 2021.
             Was a Believer of Kikubaaqudgha.
             Shot with an arrow by a centaur (10 damage)
             ... on level 11 of the Dungeon.
             The game lasted 00:48:18 (13753 turns).

1994 the Merchant of Misery (Tengu Necromancer)    Turns: 13753, Time: 00:48:18

Health: 0/69       AC: 11    Str: 10    XL:     11   Next: 58%
Magic:  12/21      EV: 17    Int: 19    God:    Kikubaaqudgha [**....]
Gold:   112        SH:  0    Dex: 23    Spells: 2/22 levels left

rFire   . . .      SeeInvis .   a - +2 dagger (elec)
rCold   . . .      Faith    .   (no shield)
rNeg    . . .      Spirit   .   h - +3 ring mail of the Gloaming {Harm}
rPois   .          Reflect  .   (helmet restricted)
rElec   .          Harm     +   Q - +0 cloak
rCorr   .          Rampage  .   x - +0 pair of gloves {Dex+3}
Will    .....                   (boots unavailable)
Stlth   ++........              (no amulet)
HPRegen 0.21/turn               A - +4 ring of protection
MPRegen 0.17/turn               G - +6 ring of dexterity

@: corroded, flying quickly and evasively, quick
A: beak, talons 3, nimble flight
a: Renounce Religion, Receive Corpses


You were on level 11 of the Dungeon.
You worshipped Kikubaaqudgha.
Kikubaaqudgha was pleased with you.
You visited 2 branches of the dungeon, and saw 12 of its levels.

You collected 548 gold pieces.
You spent 436 gold pieces at shops.

Inventory:

Hand Weapons
 a - a +2 dagger of electrocution (weapon)
 b - a +0 hunting sling
 K - a +0 antimagic short sword
 P - the +8 dagger "Zuxt" {vorpal, Int+4 Dex+7}
   (You bought it in a shop on level 5 of the Dungeon)

   It inflicts extra damage upon your enemies.
   Int:       It affects your intelligence (+4).
   Dex:       It affects your dexterity (+7).
Missiles
 d - 178 stones
 r - 41 poisoned darts (quivered)
 v - 62 sling bullets
Armour
 h - the +3 ring mail of the Gloaming (worn) {Harm}
   (You found it on level 5 of the Dungeon)

   Harm:      It increases damage dealt and taken.
 o - a +0 ring mail
 p - a +2 animal skin
 x - a +0 pair of gloves of dexterity (worn)
 Q - a +0 cloak (worn)
 R - +0 ice dragon scales
Magical Staves
 C - a staff of poison
Jewellery
 A - a +4 ring of protection (left hand)
 F - a ring of protection from cold
 G - a +6 ring of dexterity (right hand)
 L - a ring of fire
 O - a ring of willpower
Wands
 s - a wand of flame (13)
 w - a wand of iceblast (10)
 B - a wand of paralysis (10)
 J - a wand of charming (10)
Scrolls
 c - 8 scrolls of identify {unknown}
 f - 2 scrolls of magic mapping {unknown}
 g - 2 scrolls of teleportation {unknown}
 i - a scroll of enchant armour {unknown}
 j - 2 scrolls of noise {unknown}
 l - 2 scrolls of amnesia {unknown}
 n - a scroll of enchant weapon {unknown}
 y - a scroll of holy word {unknown}
 z - 2 scrolls of immolation {unknown}
 E - 2 scrolls of fog {unknown}
 H - a scroll of torment {unknown}
 N - a scroll of blinking {unknown}
Potions
 e - 3 potions of lignification {unknown}
 k - 3 potions of curing {unknown}
 m - 2 potions of resistance {unknown}
 q - a potion of haste {unknown}
 t - a potion of might
 u - 4 potions of degeneration {unknown}
 D - 2 potions of cancellation {unknown}
 I - 3 potions of attraction {unknown}
 M - a potion of heal wounds {unknown}
 S - a potion of magic {unknown}


   Skills:
 * Level 8.8 Fighting
 * Level 9.6 Short Blades
 * Level 3.4 Armour
 + Level 7.1 Dodging
 - Level 2.0 Stealth
 + Level 6.0 Spellcasting
 * Level 10.7 Necromancy


You had 2 spell levels left.
You knew the following spells:

 Your Spells              Type           Power      Damage    Failure   Level
a - Pain                  Necr           100%       1d9       1%          1
b - Animate Skeleton      Necr           92%        N/A       1%          1
c - Vampiric Draining     Necr           46%        2d9       1%          3
d - Animate Dead          Necr           23%        N/A       3%          4
e - Dispel Undead         Necr           46%        3d18      3%          4
f - Sublimation of Blood  Necr           46%        N/A       1%          2
g - Agony                 Necr           46%        N/A       10%         5

Your spell library contained the following spells:

 Spells                   Type           Power      Damage    Failure   Level
 Beastly Appendage        Tmut           10%        N/A       26%         1
 Ensorcelled Hibernation  Hex/Ice        10%        N/A       38%         2
 Static Discharge         Conj/Air       5%         N/A       38%         2
 Wereblood                Tmut           5%         N/A       38%         2
 Gell's Gravitas          Tloc           5%         N/A       63%         3
 Lesser Beckoning         Tloc           5%         N/A       63%         3
 Spider Form              Tmut/Pois      5%         N/A       63%         3
 Teleport Other           Tloc           5%         N/A       63%         3
 Tukima's Dance           Hex            5%         N/A       63%         3
 Fulminant Prism          Conj/Hex       2%         3d6       95%         4
 Iskenderun's Mystic Bla  Conj/Tloc      5%         2d3       95%         4
 Sticky Flame             Conj/Fire      5%         2d3       95%         4
 Lee's Rapid Deconstruct  Erth           2%         3d6*      100%        5
 Lightning Bolt           Conj/Air       2%         1d14      100%        5
 Haunt                    Necr/Summ      13%        N/A       100%        7
 Maxwell's Capacitive Co  Air            2%         ∞         100%        8
 Death's Door             Necr           23%        N/A       100%        9


Dungeon Overview and Level Annotations

Branches:
Dungeon (11/15)            Temple (1/1) D:5             Orc (0/2) D:9
   Lair: D:8-11

Altars:
Ashenzari
Cheibriados
Dithmenos
Elyvilon
Fedhas
Gozag
Hepliaklqana
Kikubaaqudgha
Makhleb
Nemelex Xobeh
Okawaru
Qazlal
Ru
Sif Muna
Trog
Uskayaw
Vehumet
Wu Jian
Xom
Yredelemnul
Zin
The Shining One

Shops:
D:4 [   D:5 *   D:8 [

Annotations:
D:4 exclusion: 2 gnolls, Grinder


Innate Abilities, Weirdness & Mutations

You have a beak for a mouth.
You have claws for feet.
Your magical nature lets you fly swiftly and evasively.


Message History

Unknown command.
Unknown command.
Casting: Vampiric Draining (safe; 1% risk of failure)
Confirm with . or Enter, or press ? or * to list all spells.
Aiming: Vampiric Draining (safe; 1% risk of failure)
Press: ? - help, Shift-Dir - straight line, f - centaur
Aim: a centaur, quivering arrows and carrying a wand of acid (8)
You draw life force from the centaur!
You feel life coursing into your body. The centaur closely misses you.
The centaur completely misses you.
The centaur shoots an arrow.
The arrow hits you.
The centaur shoots an arrow.
The arrow hits you but does no damage.
The centaur shoots an arrow.
The arrow hits you but does no damage.
The centaur zaps a wand.
The bolt of acid hits you!! The acid corrodes you!
The centaur shoots an arrow.
The arrow hits you!
* * * LOW HITPOINT WARNING * * *
The centaur shoots an arrow.
The arrow hits you but does no damage.
The centaur shoots an arrow.
The arrow closely misses you.
Unknown command.
Casting: Vampiric Draining (safe; 1% risk of failure)
Confirm with . or Enter, or press ? or * to list all spells.
Aiming: Vampiric Draining (safe; 1% risk of failure)
Press: ? - help, Shift-Dir - straight line, f/p - centaur
Aim: a centaur, quivering arrows and carrying a wand of acid (7) (heavily wounded)
You draw life force from the centaur!
You kill the centaur!
Kikubaaqudgha accepts your kill.
You feel life coursing into your body.
The centaur shoots an arrow.
The arrow hits you.
* * * LOW HITPOINT WARNING * * *
Unknown command.
Unknown command.
Unknown command.
Unknown command.
Okay, then.
Unknown command.
Unknown command.
The centaur shoots an arrow.
The arrow completely misses you.
The centaur shoots an arrow.
The arrow hits you!
You die...
Kikubaaqudgha rasps: "You have failed me!
Welcome... death!"

....# .# #...$.....#
....######..# #........
....>.......# #.>....
............#####....#
.....................#
...............c.....#
..................)..#
................c....#
[.............c.@....#
####.................##
#......#########...#
#......# #...###### #......#
#.<....... #......#
#.........
####......#########)).......
............................
............................


You could see 3 centaurs.

Vanquished Creatures
  Fannar (D:10)
  2 two-headed ogres
  3 kobold demonologists
  A vampire (D:10)
  12 yaks
  A wyvern (D:10)
  A wraith (D:11)
  A shadow (D:9)
  Eustachio (D:6)
  An acid dragon (D:9)
  A water moccasin (D:7)
  7 orc warriors
  An ice beast (D:5)
  3 black bears
  A sky beast (D:7)
  2 necrophages
  5 ogres
  5 centaurs
  3 phantoms
  2 kobold brigands
  Blork the orc (D:5)
  3 bullfrogs
  3 scorpions
  A wyvern skeleton (D:7)
  5 wights (D:9)
  2 howler monkeys
  4 centaur zombies
  9 orc priests
  3 hounds (D:5)
  A bullfrog skeleton (D:6)
  4 jellies
  Terence (D:2)
  2 iguanas
  4 orc wizards
  2 killer bee zombies
  A howler monkey zombie (D:9)
  Robin (D:1)
  5 gnolls
  A howler monkey skeleton (D:7)
  5 adders
  A white imp (D:8)
  An ufetubus (D:7)
  A dart slug (D:3)
  40 orcs
  4 endoplasms
  6 giant cockroaches
  16 goblins
  7 hobgoblins
  10 kobolds
  4 quokkas
  8 ball pythons
  4 bats
  2 frilled lizards (D:1)
  2 rats
218 creatures vanquished.

Vanquished Creatures (others)
  18 fungi (D:3)
18 creatures vanquished.

Grand Total: 236 creatures vanquished

Notes
Turn   | Place    | Note
-------+----------+-------------------------------------------
     0 | D:1      | 1994 the Tengu Necromancer began the quest for the Orb.
     0 | D:1      | Reached XP level 1. HP: 10/10 MP: 4/4
    22 | D:1      | Learned a level 1 spell: Animate Skeleton
   872 | D:1      | Reached XP level 2. HP: 16/16 MP: 6/6
  1159 | D:2      | Found a glowing golden altar of the Shining One.
  1242 | D:2      | Noticed Terence
  1308 | D:2      | Reached skill level 1 in Short Blades
  1322 | D:2      | Reached skill level 1 in Fighting
  1322 | D:2      | Reached XP level 3. HP: 18/20 MP: 4/7
  1333 | D:2      | Learned a level 3 spell: Vampiric Draining
  1431 | D:2      | Noticed Robin
  1868 | D:1      | Killed Robin
  2318 | D:2      | Reached XP level 4. HP: 17/25 MP: 1/8
  2504 | D:2      | Got the Papyrus of Black Arts
  2887 | D:2      | Reached skill level 5 in Necromancy
  3704 | D:3      | Gained mutation: Your magical nature lets you fly swiftly
                  | and evasively. [Tengu growth]
  3704 | D:3      | Reached XP level 5. HP: 21/30 MP: 2/9
  4020 | D:3      | Found a hide-covered altar of Uskayaw.
  4050 | D:3      | Noticed a black bear
  4061 | D:3      | Learned a level 4 spell: Animate Dead
  4211 | D:2      | Killed a black bear
  4284 | D:3      | Reached XP level 6. HP: 30/36 MP: 11/11
  5232 | D:2      | Killed Terence
  5233 | D:2      | Reached XP level 7. HP: 39/41 MP: 9/12
  5280 | D:4      | Reached skill level 6 in Necromancy
  5575 | D:4      | Noticed Grinder
  5723 | D:4      | Found Lessio's Antique Armour Boutique.
  5909 | D:4      | Bought a pair of embroidered gloves for 187 gold pieces
  6159 | D:5      | Entered Level 5 of the Dungeon
  6173 | D:5      | Found a staircase to the Ecumenical Temple.
  6173 | D:5      | Identified the +3 ring mail of the Gloaming {Harm}
  6194 | Temple   | Entered the Ecumenical Temple
  6316 | D:5      | Noticed Blork the orc
  6355 | D:5      | Reached XP level 8. HP: 48/48 MP: 7/14
  6414 | D:5      | Killed Blork the orc
  6590 | D:5      | Reached skill level 5 in Short Blades
  6640 | D:5      | You are sucked into a shaft and drop 2 floors!
  6657 | D:7      | Reached skill level 7 in Necromancy
  6933 | D:6      | Reached skill level 5 in Fighting
  7009 | D:6      | Noticed Eustachio
  7016 | D:6      | Killed Eustachio
  7140 | D:5      | Reached XP level 9. HP: 54/54 MP: 12/16
  7152 | D:5      | Learned a level 4 spell: Dispel Undead
  7248 | D:5      | Found Ibeb's Assorted Antiques.
  7258 | D:5      | Bought a silvery potion for 25 gold pieces
  7971 | D:6      | Reached skill level 5 in Dodging
  8524 | D:7      | Reached skill level 8 in Necromancy
  8699 | D:7      | Noticed a boulder beetle
  8999 | D:7      | Found a glowing silver altar of Zin.
  9006 | D:7      | Found a sparkling altar of Nemelex Xobeh.
  9009 | D:7      | Found a shimmering blue altar of Sif Muna.
  9010 | D:7      | Found an iron altar of Okawaru.
  9016 | D:7      | Found an ancient bone altar of Kikubaaqudgha.
  9021 | D:7      | Became a worshipper of Kikubaaqudgha
  9591 | D:8      | Found Witay's Antique Armour Shop.
  9657 | D:8      | Reached XP level 10. HP: 60/61 MP: 15/18
  9677 | D:8      | Found a stormy altar of Qazlal.
  9967 | D:9      | Reached skill level 9 in Necromancy
 10193 | D:5      | Bought a scroll labelled ODAABI COUHY for 28 gold pieces
 10274 | D:8      | Reached skill level 5 in Spellcasting
 10396 | D:9      | Reached * piety under Kikubaaqudgha
 10396 | D:9      | Received a gift from Kikubaaqudgha
 10418 | D:9      | Learned a level 2 spell: Sublimation of Blood
 10824 | D:5      | Bought a pitted dagger for 196 gold pieces
 10824 | D:5      | Identified the +8 dagger "Zuxt" {vorpal, Int+4 Dex+7} (You
                  | bought it in a shop on level 5 of the Dungeon)
 11223 | D:9      | Found a staircase to the Orcish Mines.
 11549 | D:9      | Reached ** piety under Kikubaaqudgha
 11677 | D:9      | Noticed a two-headed ogre
 11765 | D:9      | Killed a two-headed ogre
 11766 | D:9      | Reached skill level 10 in Necromancy
 11788 | D:9      | Learned a level 5 spell: Agony
 11823 | D:9      | Found a blossoming altar of Fedhas.
 12000 | D:10     | Entered Level 10 of the Dungeon
 12077 | D:10     | Reached XP level 11. HP: 68/68 MP: 20/20
 12299 | D:10     | Reached skill level 1 in Armour
 12525 | D:10     | Noticed a soul eater
 13049 | D:10     | Noticed a two-headed ogre
 13163 | D:10     | Killed a two-headed ogre
 13542 | D:11     | Noticed Fannar
 13599 | D:10     | Killed Fannar
 13753 | D:11     | Shot with an arrow by a centaur

Illustrated notes

Levels and vault maps discovered:
D:1:      mrwooster_arrival_statue_2, layout_basic, minmay_worlds_worst_comb
D:2:      layout_basic, basic_altar, uniq_terence, uniq_robin
D:3:      layout_loops_ring, mainiacjoe_overflow_chevrons, grunt_ministairs_7
D:4:      layout_basic, serial_shops, nicolae_shop_hallway_plus, uniq_grinder
D:5:      layout_gridville, minmay_temple_entry_large_hall, serial_shops,
          nicolae_shop_overgrown_old_shop, uniq_blork_the_orc
D:6:      layout_loops_ring, uniq_eustachio
D:7:      layout_loops_corners, nicolae_overflow_hallway_of_the_gods,
          minmay_circle_x
D:8:      layout_rooms, grunt_qazlal_clouds, serial_shops,
          nicolae_shop_behind_doors, hex_large
D:9:      layout_long_grid, fedhas_altar_4, erik_orc_3,
          kennysheep_cluttered_room, grunt_ministairs_4
D:10:     layout_basic, chequers_mini_garden
D:11:     layout_irregular_city, erik_lair_orcish_takeover,
          hangedman_decor_peaks_small, uniq_erica, uniq_fannar
Temple:   zaba_magenta_temple

Skill      XL: |  1  2  3  4  5  6  7  8  9 10 11 |
---------------+----------------------------------+-----
Short Blades   | 1 2 3 4 5 7 8 9 |  9.6
Fighting       | 1 2 3 4 5 6 8 |  8.8
Necromancy     | 5 6 7 8 10 | 10.7
Dodging        | 3 4 5 6 7 |  7.1
Spellcasting   | 3 4 5 6 |  6.0
Armour         | 3 |  3.4
Stealth        | |  2.0

Action                   |  1- 3 |  4- 6 |  7- 9 | 10-12 || total
-------------------------+-------+-------+-------+-------++-------
Melee: Dagger            |    31 |    47 |   166 |   264 ||   508
       Kick              |     5 |    13 |    57 |    95 ||   170
       Peck              |     3 |     6 |    34 |    56 ||    99
 Fire: Hunting sling     |     3 |    19 |       |       ||    22
Throw: Stone             |       |     1 |       |       ||     1
       Dart              |       |       |    17 |    16 ||    33
 Cast: Pain              |    55 |    64 |    56 |    40 ||   215
       Vampiric Draining |       |     1 |    14 |    43 ||    58
       Dispel Undead     |       |       |     2 |     4 ||     6
       Agony             |       |       |       |     1 ||     1
 Stab: Sleeping          |     5 |     3 |     4 |     1 ||    13
Armor: Leather armour    |     7 |       |       |       ||     7
       Animal skin       |     7 |    18 |     9 |       ||    34
       Ring mail         |       |       |    39 |    70 ||   109
       Ice dragon scales |       |       |       |    12 ||    12
Dodge: Dodged            |    29 |    66 |    96 |   179 ||   370

Table legend: (Time is in decaauts)
 A = Elapsed time spent in this place.
 B = Non-inter-level travel time spent in this place.
 C = Inter-level travel time spent in this place.
 D = Time resting spent in this place.
 E = Time spent auto-exploring this place.
 F = Levels seen in this place.
 G = Mean time per level.
                   A        B        C        D        E       F      G
               +--------+--------+--------+--------+--------+-----+--------+
         Total |  12901 |  12036 |    865 |   3597 |   4600 |  12 | 1075.1 |
       Dungeon |  12824 |  11975 |    849 |   3597 |   4555 |  11 | 1165.8 |
        Temple |     76 |     60 |     16 |      0 |     45 |   1 |   76.0 |
               +--------+--------+--------+--------+--------+-----+--------+

Top non-repeatable levels by time:
     D:2: 1955 daAuts
     D:1: 1613 daAuts
     D:3: 1606 daAuts
     D:9: 1560 daAuts
    D:10: 1430 daAuts
     D:5: 1096 daAuts
     D:6: 1056 daAuts
     D:7: 971 daAuts
     D:4: 881 daAuts
     D:8: 520 daAuts
    D:11: 132 daAuts
  Temple: 76 daAuts
